 Dungeon Crawl Stone Soup version 0.30.0-5-g1a98f26d00 (webtiles) character file.

Game seed: 11537832331577180177

225 stripedtigrrr the Charlatan (level 6, -4/47 HPs)
             Began as a Gnoll Wanderer on May 7, 2023.
             Splashed by a jelly's acid (9 damage)
             ... on level 3 of the Dungeon on May 8, 2023.
             The game lasted 00:17:03 (3445 turns).

stripedtigrrr the Charlatan (Gnoll Wanderer)        Turns: 3445, Time: 00:17:03

Health: -4/47      AC: -4    Str: 14    XL:     6   Next: 1%
Magic:  13/13      EV:  9    Int: 12    God:
Gold:   78         SH:  0    Dex: 10    Spells: 12/15 levels left

rFire   . . .        q - +0 spear
rCold   . . .        (no shield)
rNeg    . . .        b - +0 scale mail
rPois   .            (no helmet)
rElec   .            (no cloak)
rCorr   .            (no gloves)
SInv    +            (no boots)
Will    .....        (no amulet) Stlth
                     z - ring of see invisible
HPRegen 0.27/turn    (no ring)
MPRegen 0.13/turn

%: no passive effects
@: corroded, slowed, very slow
A: fangs 1, strong nose, distributed training
a: no special abilities


You were on level 3 of the Dungeon.
You visited 1 branch of the dungeon, and saw 4 of its levels.

You collected 139 gold pieces.
You spent 61 gold pieces at shops.

Inventory:

Hand Weapons
 p - a +0 dagger
   (You took it off a goblin on level 1 of the Dungeon)
 q - a +0 spear (weapon)
   (You found it on level 2 of the Dungeon)
 s - a +0 sling
   (You bought it in a shop on level 2 of the Dungeon)
 u - a +0 trident
   (You found it on level 2 of the Dungeon)
Missiles
 e - 29 stones
 g - 12 poisoned darts
 r - 4 datura-tipped darts
Armour
 b - a +0 scale mail (worn)
Jewellery
 z - a ring of see invisible (left hand)
   (You found it on level 3 of the Dungeon)
Scrolls
 c - a scroll of vulnerability {!r}
 j - 2 scrolls of amnesia
 l - a scroll of poison {!r}
 n - a scroll of torment {unknown}
 o - a scroll of noise {unknown}
 w - a scroll of enchant armour {unknown}
 y - a scroll of fear {unknown}
 A - a scroll of teleportation {unknown}
Potions
 f - 2 potions of flight
 i - a potion of invisibility {unknown}
 m - a potion of haste {@q3}
 t - a potion of curing {@q1}
 v - a potion of magic
 x - a potion of lignification {!q}
Miscellaneous
 d - a phantom mirror (inert)


   Skills:
 + Level 3.1 Fighting
 + Level 1.8 Short Blades
 + Level 1.8 Long Blades
 + Level 1.8 Axes
 + Level 1.8 Maces & Flails
 + Level 1.8 Polearms
 + Level 1.8 Staves
 + Level 1.8 Ranged Weapons
 + Level 1.8 Throwing
 + Level 4.9 Armour
 + Level 1.8 Dodging
 + Level 1.8 Stealth
 + Level 1.8 Shields
 + Level 1.8 Unarmed Combat
 + Level 5.3 Spellcasting
 + Level 1.4 Conjurations
 + Level 4.0 Hexes
 + Level 1.4 Summonings
 + Level 1.4 Necromancy
 + Level 1.4 Translocations
 + Level 1.4 Transmutations
 + Level 1.4 Fire Magic
 + Level 1.4 Ice Magic
 + Level 1.4 Air Magic
 + Level 1.4 Earth Magic
 + Level 1.4 Poison Magic
 + Level 2.0 Invocations
 + Level 6.8 Evocations


You had 12 spell levels left.
You knew the following spells:

 Your Spells              Type           Power      Damage    Failure   Level
s - Slow                  Hex            48%        N/A       14%         1
x - Poisonous Vapours     Pois/Air       12%        N/A       52%         2

Your spell library contained the following spells:

 Spells                   Type           Power      Damage    Failure   Level
 Dazzling Flash           Conj/Hex       18%        N/A       56%         3
 Mephitic Cloud           Conj/Pois/Air  6%         N/A       77%         3
 Freezing Cloud           Conj/Ice/Air   3%         6-21      100%        5


Dungeon Overview and Level Annotations

Branches:
Dungeon (4/15)
 Temple: D:4-7

Altars:

Shops:
D:2 (

Annotations:
D:3 exclusion: downstairs
D:4 Grinder, Natasha


Innate Abilities, Weirdness & Mutations

You have very sharp teeth.
Your uncanny sense of smell can sniff out nearby items.
Your experience applies equally to all skills.


Message History

It is a scroll of identify.
x - a potion of lignification
As you read the scroll of identify {@r1}, it crumbles to dust.
v - a potion of magic You feel yourself speed up.
As you read the scroll of identify {@r1}, it crumbles to dust.
t - a potion of curing
As you read the scroll labelled IPSIXAMETZ, it crumbles to dust.
It is a scroll of amnesia.
Okay, then.
The air fills with toxic fumes!
As you read the scroll labelled PUYNAU ERIPNOHUK, it crumbles to dust.
It was a scroll of poison.
Okay, then.
There is a stone staircase leading down here.
You climb downwards.
Level annotation: Grinder, Natasha The jelly hits you.
The acid corrodes you!
You are splashed with acid!
Natasha casts a spell at you.
You feel yourself slow down. The jelly hits you. The acid corrodes you!
You are splashed with acid!
The orc hits you with a +0 dagger.
* * * LOW HITPOINT WARNING * * *
There is a stone staircase leading up, spattered with blood here.
Unknown command.
The jelly barely misses you. The orc hits you with a +0 dagger.
* * * LOW HITPOINT WARNING * * *
You climb upwards.
Level annotation: exclusion: downstairs
There is a stone staircase leading down here.
Unknown command.
A stone staircase leading down.
Okay, then.
Okay, then.
Okay, then.
Unknown command.
Aim: a jelly You reflect the jelly with the mirror!
The mirror clouds!
The orc closely misses you. The jelly barely misses you.
Your jelly hits the jelly. The orc barely misses you. The jelly hits you.
* * * LOW HITPOINT WARNING * * *
You are splashed with acid!
* * * LOW HITPOINT WARNING * * *
Your jelly barely misses the jelly.
You swap places.
The orc hits you with a +0 dagger.
* * * LOW HITPOINT WARNING * * *
The jelly hits you.
* * * LOW HITPOINT WARNING * * *
The acid corrodes you!
You are splashed with acid!
You die...

#.....###.....###### ##...
#####..##..#### ##########
##.....# #......... ##.#[..#
#......... ##..#..##
#......... ##..##..#
#......... #..##...#
#......... ##.#...#.##
#......... ##....###o@####
#.........
##[....####JJ..#############
#...<...# ####..........####
#.......# ##.............
#.......# #.............
##.....## #........#####
#.......# #........#
#.......# #........#
#.......# #........#


You could see a jelly (ally target), an orc and a friendly jelly (summoned, very
drained).

Vanquished Creatures
  A scorpion (D:3)
  A howler monkey (D:3)
  An orc wizard (D:3)
  4 adders
  A worm (D:2)
  A dart slug (D:3)
  3 orcs (D:3)
  9 ball pythons
  3 endoplasms
  2 giant cockroaches (D:2)
  5 goblins
  4 hobgoblins
  10 kobolds
  A quokka (D:1)
  4 bats
  3 frilled lizards
  5 rats
58 creatures vanquished.

Notes
Turn   | Place    | Note
-------+----------+-------------------------------------------
     0 | D:1      | stripedtigrrr the Gnoll Wanderer began the quest for the
                  | Orb.
     0 | D:1      | stripedtigrrr set off with the following items: a +0 club,
                  | a +0 scale mail, a scroll of vulnerability {!r}, a phantom
                  | mirror; and the following spell memorised: Slow; and the
                  | following spells available to memorise: Dazzling Flash.
     0 | D:1      | Reached XP level 1. HP: 17/17 MP: 6/6
   352 | D:1      | Reached XP level 2. HP: 20/23 MP: 7/7
   569 | D:1      | Found a faded altar of an unknown god.
   621 | D:1      | Learned a level 2 spell: Poisonous Vapours
   936 | D:2      | Reached skill level 5 in Spellcasting
   936 | D:2      | Reached XP level 3. HP: 15/28 MP: 7/9
  1012 | D:2      | Found Wypruwic's Weapon Shop.
  1020 | D:2      | Bought 4 datura-tipped darts for 43 gold pieces
  1020 | D:2      | Bought a +0 sling for 18 gold pieces
  1258 | D:2      | Reached skill level 1 in Invocations
  1523 | D:2      | Reached skill level 1 in Short Blades
  1523 | D:2      | Reached skill level 1 in Long Blades
  1523 | D:2      | Reached skill level 1 in Axes
  1523 | D:2      | Reached skill level 1 in Maces & Flails
  1523 | D:2      | Reached skill level 1 in Polearms
  1523 | D:2      | Reached skill level 1 in Staves
  1523 | D:2      | Reached skill level 1 in Ranged Weapons
  1523 | D:2      | Reached skill level 1 in Throwing
  1523 | D:2      | Reached skill level 1 in Dodging
  1523 | D:2      | Reached skill level 1 in Stealth
  1523 | D:2      | Reached skill level 1 in Shields
  1523 | D:2      | Reached skill level 1 in Unarmed Combat
  1874 | D:2      | Reached XP level 4. HP: 19/34 MP: 11/11
  2255 | D:3      | Reached skill level 1 in Conjurations
  2255 | D:3      | Reached skill level 1 in Summonings
  2255 | D:3      | Reached skill level 1 in Necromancy
  2255 | D:3      | Reached skill level 1 in Translocations
  2255 | D:3      | Reached skill level 1 in Transmutations
  2255 | D:3      | Reached skill level 1 in Fire Magic
  2255 | D:3      | Reached skill level 1 in Ice Magic
  2255 | D:3      | Reached skill level 1 in Air Magic
  2255 | D:3      | Reached skill level 1 in Earth Magic
  2255 | D:3      | Reached skill level 1 in Poison Magic
  2407 | D:3      | Upgraded the game from 0.30.0-2-g1aa4bd4387 to
                  | 0.30.0-5-g1a98f26d00
  2422 | D:4      | Noticed Natasha
  2459 | D:4      | Noticed a scorpion
  2629 | D:3      | Reached XP level 5. HP: 36/40 MP: 12/12
  2644 | D:4      | Noticed Grinder
  3299 | D:3      | Reached XP level 6. HP: 47/47 MP: 13/13
  3445 | D:3      | Splashed by a jelly's acid

Illustrated notes

Levels and vault maps discovered:
D:1:      saegor_arrival_under_anarchy, layout_basic, basic_ecumenical_altar,
          st_stairs_1
D:2:      layout_basic, serial_shops, nicolae_shop_statue_plus,
          chequers_big_river
D:3:      layout_rooms, kennysheep_generic_room_2
D:4:      minmay_chambers_of_twos, layout_cave_pools,
          makhleb_blood_cavern_becter, serial_shops, shop, uniq_natasha,
          uniq_pikel, uniq_grinder

Skill      XL: |  1  2  3  4  5 |
---------------+----------------+-----
Spellcasting   | 5 |  5.3
Invocations    | 1 2 |  2.0
Short Blades   | 1 |  1.8
Long Blades    | 1 |  1.8
Axes           | 1 |  1.8
Maces & Flails | 1 |  1.8
Polearms       | 1 |  1.8
Staves         | 1 |  1.8
Ranged Weapons | 1 |  1.8
Throwing       | 1 |  1.8
Dodging        | 1 |  1.8
Stealth        | 1 |  1.8
Shields        | 1 |  1.8
Unarmed Combat | 1 |  1.8
Conjurations   | 1 |  1.4
Summonings     | 1 |  1.4
Necromancy     | 1 |  1.4
Translocations | 1 |  1.4
Transmutations | 1 |  1.4
Fire Magic     | 1 |  1.4
Ice Magic      | 1 |  1.4
Air Magic      | 1 |  1.4
Earth Magic    | 1 |  1.4
Poison Magic   | 1 |  1.4
Fighting       | 3 |  3.1
Hexes          | 4 |  4.0
Armour         | |  4.9
Evocations     | |  6.8

Action                     |  1- 3 |  4- 6 || total
---------------------------+-------+-------++-------
  Melee: Club              |    86 |       ||    86
         Bite              |    20 |    10 ||    30
         Spear             |   113 |   159 ||   272
         Punch             |       |     2 ||     2
  Evoke: Phantom mirror    |       |     1 ||     1
    Use: Potion            |       |     4 ||     4
         Scroll            |       |     5 ||     5
 Armour: Scale mail        |    83 |    77 ||   160
  Dodge: Dodged            |    97 |    63 ||   160
